 Dungeon Crawl Stone Soup version 0.25.0-9-g26727b657a (webtiles) character file.

Game seed: 2882596172458099882

259 protoss039 the Gusty (level 6, 0/32 HPs)
             Began as a Tengu Air Elementalist on June 18, 2020.
             Killed from afar by Ijyb (15 damage)
             ... with an iceblast
             ... on level 5 of the Dungeon.
             The game lasted 00:07:21 (3013 turns).

protoss039 the Gusty (Tengu Air Elementalist)       Turns: 3013, Time: 00:07:22

Health: 0/32       AC:  4    Str:  7    XL:     6   Next: 17%
Magic:  13/13      EV: 12    Int: 17    God:
Gold:   182        SH:  0    Dex: 14    Spells: 9/13 levels left

rFire    . . .     SeeInvis .   b - +0 short sword
rCold    . . .     Gourm    .   (no shield)
rNeg     . . .     Faith    .   a - +0 robe
rPois    .         Spirit   .   (helmet restricted)
rElec    .         Reflect  .   j - +0 cloak
rCorr    .         Harm     .   q - +0 pair of gloves
MR       .....                  (boots unavailable)
Stlth    ++........             (no amulet)
HPRegen  0.10/turn              (no ring)
MPRegen  0.13/turn              (no ring)

@: no status effects
A: beak, talons 3, blurry vision 1, sense surroundings 1, weak 1, MP-powered
wands, able to fly
a: Fly


You were on level 5 of the Dungeon.
You were not hungry.

You visited 1 branch of the dungeon, and saw 5 of its levels.

You collected 182 gold pieces.

Inventory:

Hand Weapons
 b - a +0 short sword (weapon)
Armour
 a - a +0 robe (worn)
 j - a +0 cloak (worn)
 q - a +0 pair of gloves (worn)
Jewellery
 h - an uncursed ring of ice
 t - an uncursed ring of protection from magic {unknown}
Scrolls
 d - a scroll of remove curse {unknown}
 f - 2 scrolls of enchant weapon {unknown}
 k - 8 scrolls of identify {unknown}
 n - a scroll of fear {unknown}
 o - 3 scrolls of blinking {unknown}
 p - a scroll of enchant armour {unknown}
 s - a scroll of amnesia {unknown}
 u - 2 scrolls of teleportation {unknown}
Potions
 e - a potion of berserk rage {unknown}
 g - a potion of cancellation {unknown}
 i - 4 potions of flight
 l - 2 potions of mutation
 m - a potion of degeneration {unknown}
 r - a potion of stabbing {unknown}
 v - 2 potions of curing
Comestibles
 c - 9 rations
 w - a chunk of flesh


   Skills:
 + Level 0.5 Short Blades
 - Level 2.1 Dodging
 - Level 2.0 Stealth
 * Level 4.3 Spellcasting
 + Level 4.0 Conjurations
 + Level 5.4 Air Magic


You had 9 spell levels left.
You knew the following spells:

 Your Spells              Type           Power        Failure   Level  Hunger
a - Shock                 Conj/Air       ###.         2%          1    None
b - Static Discharge      Conj/Air       ###.....     7%          3    ###....

Your spell library contained the following spells:

 Spells                   Type           Power        Failure   Level  Hunger
 Swiftness                Chrm/Air       ##......     8%          2    ##.....
 Airstrike                Air            ###.......   16%         4    ####...
 Confusing Touch          Hex            #.......     43%         3    ###....
 Gell's Gravitas          Tloc           #.........   43%         3    ###....
 Lightning Bolt           Conj/Air       ###.......   52%         5    ######.
 Petrify                  Tmut/Erth      #.......     83%         4    ####...
 Metabolic Englaciation   Hex/Ice        #.........   99%         5    ######.
 Yara's Violent Unravell  Hex/Tmut       #.........   99%         5    ######.


Dungeon Overview and Level Annotations

Branches:
Dungeon (5/15)
 Temple: D:4-7

Altars:
Gozag
Hepliaklqana
Xom

Annotations:
D:5 Ijyb


Innate Abilities, Weirdness & Mutations

You have a beak for a mouth.
You have claws for feet.
You can fly continuously.
Scrolls take you a little longer to read.
You passively map a small area around you.
You are weak. (Str -2)
You expend magic power (3 MP) to strengthen your wands.


Message History

Aiming: Shock (safe; 2% risk of failure)
Press: ? - help, Shift-Dir - straight line, f/p - ogre
Aim: an ogre, wielding a +0 giant club (lightly wounded)
The zap hits the ogre.
The ogre is moderately wounded.
Ijyb the Twisted Goblin comes into view.
She is wearing a +2 leather armour of cold resistance and carrying a wand of iceblast (10).
Casting: Shock (safe; 2% risk of failure)
Confirm with . or Enter, or press ? or * to list all spells.
Aiming: Shock (safe; 2% risk of failure)
Press: ? - help, Shift-Dir - straight line, p - ogre The zap hits the ogre!
The ogre is heavily wounded.
Ijyb shouts!
Ijyb zaps a wand.
The mass of ice explodes!
The iceblast engulfs you!!
Ouch! That really hurt!
You hear a shout!
Unknown command.
Ijyb screams, "I no like you!"
Ijyb zaps a wand.
The mass of ice explodes!
The iceblast engulfs you!
You die...

##................. ,
..#.....................
##..............## .....
###..........#..##.....#
##.....)....#.........## #..
###......##...##.........###...
.........##.........#......... ,
.........##..................,,
..........#.....@..........# * ,
......................##...##
#....................##.....#
...........#.....(.O..g.....##
##...........................##
#
#............................###
#..................(............
#.#......##.##..................
..................##.>..........


You could see an ogre and Ijyb.

Vanquished Creatures
  3 orc wizards (D:4)
  Jessica (D:2)
  3 worker ants (D:4)
  3 adders
  An ooze (D:1)
  An adder skeleton (D:4)
  2 leopard geckos
  4 orcs (D:4)
  3 giant cockroaches
  A hobgoblin (D:3)
  7 jackals (D:4)
  4 kobolds
  A quokka (D:4)
  2 ball pythons (D:3)
  2 bats (D:3)
  A frilled lizard (D:2)
  5 goblins
  3 rats
47 creatures vanquished.

Notes
Turn   | Place    | Note
-------+----------+-------------------------------------------
     0 | D:1      | protoss039 the Tengu Air Elementalist began the quest for
                  | the Orb.
     0 | D:1      | Reached XP level 1. HP: 10/10 MP: 4/4
   301 | D:1      | Reached XP level 2. HP: 15/15 MP: 0/6
   635 | D:1      | You fall into a shaft and drop 1 floor!
   734 | D:2      | Found an opulent altar of Gozag.
   880 | D:2      | Reached XP level 3. HP: 10/19 MP: 0/8
   956 | D:2      | Learned a level 3 spell: Static Discharge
  1068 | D:2      | Noticed Jessica
  1070 | D:2      | Killed Jessica
  1070 | D:2      | Reached XP level 4. HP: 24/24 MP: 6/9
  1682 | D:4      | Reached skill level 5 in Air Magic
  1701 | D:4      | Gained mutation: You can fly continuously. [Tengu growth]
  1701 | D:4      | Reached XP level 5. HP: 10/28 MP: 0/11
  2470 | D:4      | Gained mutation: Scrolls take you a little longer to read.
                  | [potion of mutation]
  2470 | D:4      | Gained mutation: You passively map a small area around you.
                  | [potion of mutation]
  2470 | D:4      | Gained mutation: You are weak. (Str -2) [potion of
                  | mutation]
  2470 | D:4      | Gained mutation: You expend magic power (3 MP) to
                  | strengthen your wands. [potion of mutation]
  2594 | D:4      | Found a shimmering altar of Xom.
  2595 | D:4      | Found a hazy altar of Hepliaklqana.
  2595 | D:4      | Noticed a caustic shrike
  2596 | D:4      | Noticed a spectral ugly thing
  2596 | D:4      | Noticed a caustic shrike
  2620 | D:4      | Reached XP level 6. HP: 32/32 MP: 8/13
  2839 | D:5      | Entered Level 5 of the Dungeon
  2985 | D:5      | Noticed Ijyb
  3013 | D:5      | Killed from afar by Ijyb

Illustrated notes

Levels and vault maps discovered:
D:1:      dpeg_arrival_arbitrary_b, layout_basic, serial_glass, glass_columns_c,
          glass_columns_a, due_unseen_surprise, feat_on_display,
          feat_on_display, item_on_display_a, grunt_decor_cap
D:2:      layout_basic, grunt_gozag_breadcrumbs, first_ration, uniq_jessica
D:3:      layout_basic
D:4:      layout_rooms, regret_index_temple_of_mockery
D:5:      layout_layer_cave, uniq_ijyb

Skill      XL: |  1  2  3  4  5  6 |
---------------+-------------------+-----
Spellcasting   | 3 4 |  4.3
Conjurations   | 2 3 4 |  4.0
Air Magic      | 5 |  5.4
Short Blades   | |  0.5
Dodging        | |  2.1
Stealth        | |  2.0

Action                   |  1- 3 |  4- 6 || total
-------------------------+-------+-------++-------
Melee: Short sword       |    15 |    13 ||    28
       Peck              |     3 |     1 ||     4
       Kick              |       |     4 ||     4
 Cast: Shock             |    46 |    67 ||   113
       Static Discharge  |       |     6 ||     6
  Use: Potion            |     1 |     3 ||     4
  Eat: Chunk             |     1 |     3 ||     4
       Ration            |       |     1 ||     1
Armor: Robe              |     1 |     9 ||    10
Dodge: Dodged            |    13 |    19 ||    32
